[Event "ICC tourney 1910 (25 10)"]
[Site "Internet Chess Club"]
[Date "2020.07.11"]
[Round "4"]
[White "srirammarni"]
[Black "wildrumpus"]
[Result "0-1"]
[ICCResult "White checkmated"]
[WhiteElo "1314"]
[BlackElo "1519"]
[Opening "Caro-Kann defense"]
[ECO "B11"]
[NIC "CK.01"]
[Time "17:16:38"]
[TimeControl "1500+10"]

1. e4 c6 2. Nc3 d5 3. exd5 cxd5 4. d4 Nf6 5. Nf3 Bg4 6. Be2 e6 7. O-O Bxf3
8. Bxf3 Bd6 9. Bg5 Nbd7 10. Qd3 O-O 11. Rfe1 a6 12. Rad1 Qc7 13. Ne2 Bxh2+
14. Kf1 Bd6 15. g3 Rfc8 16. Rd2 h6 17. Bf4 e5 18. dxe5 Bxe5 19. Bxe5 Nxe5
20. Nf4 Nxd3 21. cxd3 Rd8 22. Rde2 Kf8 23. Re5 Re8 24. Rxe8+ Rxe8 25. Rd1
Qa5 26. a3 Rc8 27. d4 Rc2 28. Nd3 Ne4 29. Ra1 Nd2+ 30. Kg2 Nxf3 31. Kxf3 Qd2
32. Ne5 Qxf2+ 33. Kg4 f5+ 34. Kh4 Qh2# {White checkmated} 0-1

[Event "ICC tourney 1910 (25 10)"]
[Site "Internet Chess Club"]
[Date "2020.07.11"]
[Round "4"]
[White "DEEEFENDER"]
[Black "vsmukund"]
[Result "1/2-1/2"]
[ICCResult "Game drawn by mutual agreement"]
[WhiteElo "1472"]
[BlackElo "1495"]
[Opening "Queen's pawn game"]
[ECO "D02"]
[NIC "QP.08"]
[Time "17:16:14"]
[TimeControl "1500+10"]

1. d4 d5 2. Nf3 e6 3. a3 h6 4. h3 Nf6 5. c4 Be7 6. Bf4 O-O 7. Nc3 Nbd7 8. e3
a6 9. c5 Nh5 10. Bh2 b6 11. Bd3 bxc5 12. O-O cxd4 13. Nxd4 Bb7 14. Qxh5 c5
15. Nde2 Qc8 16. Ng3 Nf6 17. Qe2 Qd7 18. Rad1 Qc6 19. f3 Bd6 20. Rc1 Bxg3
21. Bxg3 Rfe8 22. Rfe1 e5 23. e4 c4 24. Bb1 d4 25. Nd5 d3 26. Bxd3 cxd3 27.
Qxd3 Qd6 28. Red1 Nxd5 29. exd5 Rad8 30. Qe4 Qb6+ 31. Bf2 Qxb2 32. Rb1 Bxd5
33. Rxd5 Qxa3 34. Rxe5 Rxe5 35. Qxe5 Qd3 {Game drawn by mutual agreement}
1/2-1/2

[Event "ICC tourney 1910 (25 10)"]
[Site "Internet Chess Club"]
[Date "2020.07.11"]
[Round "4"]
[White "LChessMaster"]
[Black "SamLightning"]
[Result "0-1"]
[ICCResult "White checkmated"]
[WhiteElo "1605"]
[BlackElo "1583"]
[Opening "Sicilian: accelerated fianchetto, Breyer variation"]
[ECO "B39"]
[NIC "SI.43"]
[Time "17:15:46"]
[TimeControl "1500+10"]

1. e4 c5 2. Nf3 g6 3. d4 cxd4 4. Nxd4 Bg7 5. c4 Nc6 6. Be3 Nf6 7. Nc3 Ng4 8.
Nxc6 Nxe3 9. Nxd8 Nxd1 10. Rxd1 Bxc3+ 11. bxc3 Kxd8 12. Be2 d6 13. c5 Kc7
14. cxd6+ exd6 15. O-O Be6 16. a3 Rac8 17. Rb1 a6 18. Rb2 b5 19. a4 Bc4 20.
Bxc4 bxc4 21. Rb4 Kd7 22. Rfb1 Rc6 23. f3 h5 24. Kf2 Ke6 25. Ke3 g5 26. Kd4
Rhc8 27. Rb6 a5 28. Rxc6 Rxc6 29. Rb5 f6 30. Rxa5 Rc7 31. Rb5 Rh7 32. Rb1 g4
33. Ra1 Rg7 34. f4 g3 35. h3 f5 36. a5 fxe4 37. Kxe4 d5+ 38. Kd4 Kd6 39. a6
Re7 40. a7 Re4# {White checkmated} 0-1

[Event "ICC tourney 1910 (25 10)"]
[Site "Internet Chess Club"]
[Date "2020.07.11"]
[Round "4"]
[White "RobloxMadCity"]
[Black "IGMin2023"]
[Result "1-0"]
[ICCResult "Black checkmated"]
[WhiteElo "1453"]
[BlackElo "1303"]
[Opening "Two knights defense"]
[ECO "C59"]
[NIC "KP.01"]
[Time "17:15:59"]
[TimeControl "1500+10"]

1. e4 e5 2. Nf3 Nc6 3. Bc4 Nf6 4. Ng5 d5 5. exd5 Na5 6. Bb5+ c6 7. dxc6 bxc6
8. Be2 h6 9. Nf3 e4 10. Ne5 Qd4 11. f4 Bc5 12. Rf1 Nd7 13. c3 Qd6 14. b4 Bb6
15. bxa5 Bxa5 16. Nxd7 Bxd7 17. Ba3 Qe6 18. Qb3 Qf6 19. Bc4 Qh4+ 20. Kd1
Bg4+ 21. Kc1 Qxh2 22. Bxf7+ Kd8 23. Qb7 Qxg2 24. Be7# {Black checkmated} 1-0

[Event "ICC tourney 1910 (25 10)"]
[Site "Internet Chess Club"]
[Date "2020.07.11"]
[Round "4"]
[White "jhuang3"]
[Black "Eleyn"]
[Result "1-0"]
[ICCResult "Black resigns"]
[WhiteElo "1487"]
[BlackElo "1421"]
[Opening "QGD Slav defense: exchange variation"]
[ECO "D10"]
[NIC "SL.01"]
[Time "17:15:44"]
[TimeControl "1500+10"]

1. d4 d5 2. c4 c6 3. cxd5 cxd5 4. Nf3 Nc6 5. Nc3 Bf5 6. Bf4 e6 7. e3 Bb4 8.
Be2 Nf6 9. O-O O-O 10. a3 Bd6 11. Bg3 a6 12. Bd3 Bg4 13. Bh4 Be7 14. h3 Bh5
15. Be2 Ne4 16. Bxe7 Qxe7 17. Nd2 Nxc3 18. bxc3 Bg6 19. c4 Qf6 20. Qb3 Na5
21. Qb4 Nxc4 22. Nxc4 dxc4 23. Bxc4 Rab8 24. a4 Qg5 25. Qd2 Bf5 26. Kh2 Rfc8
27. Bd3 Rc6 28. Rfc1 Rbc8 29. Rxc6 Rxc6 30. Rb1 Rc7 31. Rb6 Bxd3 32. Qxd3
Qa5 33. Qb3 Rc3 34. Qb1 Qxa4 35. Rxb7 h6 36. Rb8+ {Black resigns} 1-0

[Event "ICC tourney 1910 (25 10)"]
[Site "Internet Chess Club"]
[Date "2020.07.11"]
[Round "4"]
[White "Chris0708"]
[Black "BotanicalKnight"]
[Result "0-1"]
[ICCResult "White checkmated"]
[WhiteElo "1184"]
[BlackElo "1528"]
[Opening "Caro-Kann: advance variation"]
[ECO "B12"]
[NIC "CK.04"]
[Time "17:15:46"]
[TimeControl "1500+10"]

1. e4 c6 2. d4 d5 3. e5 Bf5 4. Nf3 e6 5. Nc3 Qb6 6. Be2 Nd7 7. b3 a6 8. Bb2
c5 9. O-O Ne7 10. Na4 Qa7 11. dxc5 Nxc5 12. Bd4 Nc6 13. Be3 b5 14. Nxc5 Bxc5
15. Qd2 Bxe3 16. Qxe3 Qxe3 17. fxe3 O-O 18. Nh4 Bg6 19. Nf3 Bh5 20. Rac1
Bxf3 21. Rxf3 Nxe5 22. Rh3 Rfc8 23. Bd1 Rc3 24. Be2 Rac8 25. Bd1 Nd3 26. Rb1
Nb4 27. a3 Nxc2 28. Bxc2 Rxc2 29. Rf3 Rc1+ 30. Rxc1 Rxc1+ 31. Rf1 Rxf1+ 32.
Kxf1 Kf8 33. Ke2 Ke7 34. Kd3 Kd6 35. e4 dxe4+ 36. Kxe4 f6 37. g4 h6 38. h4
g6 39. b4 f5+ 40. gxf5 exf5+ 41. Kf4 Ke6 42. Kg3 Ke5 43. Kf3 f4 44. Ke2 Ke4
45. Kf2 f3 46. Ke1 Kf4 47. Kf2 Kg4 48. Kg1 Kxh4 49. Kf2 Kg4 50. Kg1 Kf4 51.
Kf2 g5 52. Kg1 g4 53. Kf2 h5 54. Kg1 Ke4 55. Kf2 Kd3 56. Kg3 Ke2 57. Kh2 f2
58. a4 f1=Q 59. axb5 Qh3+ 60. Kg1 g3 61. b6 Qh2# {White checkmated} 0-1

[Event "ICC tourney 1910 (25 10)"]
[Site "Internet Chess Club"]
[Date "2020.07.11"]
[Round "4"]
[White "Clavier385"]
[Black "mancogu"]
[Result "1-0"]
[ICCResult "Black checkmated"]
[WhiteElo "1475"]
[BlackElo "1370"]
[Opening "French: advance, Paulsen attack"]
[ECO "B22"]
[NIC "SI.46"]
[Time "17:15:43"]
[TimeControl "1500+10"]

1. e4 c5 2. c3 d5 3. e5 e6 4. d4 Nc6 5. Nf3 Nge7 6. Nbd2 Ng6 7. Nb3 b6 8.
Be3 c4 9. Nbd2 Be7 10. g3 O-O 11. h4 Re8 12. h5 Nf8 13. Qc2 h6 14. Bg2 Nh7
15. Nh2 Bg5 16. f4 Be7 17. Nxc4 Bd7 18. Nd2 Rb8 19. Ndf3 b5 20. Bh3 b4 21.
f5 Ng5 22. Bg4 Nxf3+ 23. Nxf3 Qa5 24. f6 Bf8 25. fxg7 Bxg7 26. O-O bxc3 27.
bxc3 Rec8 28. Ng5 hxg5 29. Rxf7 Kxf7 30. Qg6+ Kg8 31. h6 Kf8 32. Rf1+ Ke7
33. Qxg5+ Ke8 34. Bh5# {Black checkmated} 1-0

[Event "ICC tourney 1910 (25 10)"]
[Site "Internet Chess Club"]
[Date "2020.07.11"]
[Round "4"]
[White "Supersamraat"]
[Black "jvihaan"]
[Result "1-0"]
[ICCResult "Black resigns"]
[WhiteElo "1513"]
[BlackElo "1290"]
[Opening "Queen's pawn: London system"]
[ECO "A45"]
[NIC "QP.07"]
[Time "17:15:45"]
[TimeControl "1500+10"]

1. d4 Nf6 2. Bf4 e6 3. e3 d5 4. c3 c5 5. Nd2 Nc6 6. Ngf3 Bd6 7. Bg3 Bxg3 8.
hxg3 Bd7 9. Bd3 Qc7 10. Qe2 h5 11. a3 a5 12. a4 Na7 13. Ne5 cxd4 14. exd4
Nc6 15. Ndf3 Rc8 16. g4 Ke7 17. g5 Ng4 18. Kd2 Ngxe5 19. Nxe5 Nxe5 20. Qxe5
Qxe5 21. dxe5 g6 22. Rh4 Rc6 23. g4 Rb6 24. Kc2 Rc8 25. gxh5 gxh5 26. Rxh5
Rb4 27. b3 Rf4 28. Rf1 d4 29. c4 Rc5 30. g6 fxg6 31. Bxg6 b5 32. Rh7+ Kd8
33. axb5 Rxe5 34. b6 Kc8 35. b7+ Kxb7 36. Rxd7+ Kc6 37. Rf7 Rg4 38. Bd3 Rh4
39. Kd2 Rh2 40. Re1 Kd6 41. Rxe5 Kxe5 42. Ke2 Rh5 43. c5 Kd5 44. Ra7 Re5+
45. Kd2 Kc6 46. Rxa5 Rxc5 47. Rxc5+ Kxc5 48. Bc4 e5 49. Kd3 Kc6 50. Ke4 Kd6
51. f3 Kc6 52. Kxe5 Kc5 53. f4 d3 54. Bxd3 Kb4 55. f5 {Black resigns} 1-0

[Event "ICC tourney 1910 (25 10)"]
[Site "Internet Chess Club"]
[Date "2020.07.11"]
[Round "4"]
[White "arjunk2011"]
[Black "ABecker755"]
[Result "1-0"]
[ICCResult "Black checkmated"]
[WhiteElo "1183"]
[BlackElo "1367"]
[Opening "English, 1...Nf6 (Anglo-Indian defense)"]
[ECO "A15"]
[NIC "EO.64"]
[Time "17:16:19"]
[TimeControl "1500+10"]

1. c4 Nf6 2. d3 e6 3. e4 Bb4+ 4. Nd2 d5 5. b3 Bc3 6. Rb1 dxe4 7. Bb2 Bxb2 8.
Rxb2 exd3 9. Nb1 c5 10. Bxd3 Qd4 11. Rd2 Qe5+ 12. Be2 Nc6 13. Nf3 Qc7 14.
O-O b6 15. Ne1 Bb7 16. Nf3 O-O 17. Rd3 Rad8 18. Qd2 Rxd3 19. Bxd3 Rd8 20.
Qc2 Nd4 21. Nxd4 Rxd4 22. Re1 Qc6 23. f3 Qc7 24. Nd2 Rh4 25. Nf1 h6 26. Ng3
Nh5 27. Bh7+ Kh8 28. Kf2 Nxg3 29. hxg3 Rd4 30. Bd3 Qd8 31. Re3 f5 32. Qe2 f4
33. gxf4 Qh4+ 34. Kg1 Qg3 35. Rxe6 Rd8 36. Re8+ Rxe8 37. Qxe8#
{Black checkmated}
1-0

[Event "ICC tourney 1910 (25 10)"]
[Site "Internet Chess Club"]
[Date "2020.07.11"]
[Round "4"]
[White "IplayLikeTrash"]
[Black "jesse3chess"]
[Result "0-1"]
[ICCResult "White checkmated"]
[WhiteElo "1556"]
[BlackElo "1455"]
[Opening "Queen's pawn: London system"]
[ECO "A45"]
[NIC "QP.07"]
[Time "17:16:14"]
[TimeControl "1500+10"]

1. d4 Nf6 2. Bf4 d6 3. e3 g6 4. h3 Bg7 5. Nf3 O-O 6. c3 Nbd7 7. Bd3 Re8 8.
O-O e5 9. Bg5 e4 10. Bxe4 Rxe4 11. Qd3 Re8 12. e4 Qe7 13. Nbd2 b6 14. Rfe1
Qf8 15. e5 dxe5 16. dxe5 Nc5 17. Qb5 Ba6 18. Qc6 Bb7 19. Qxc7 Rac8 20. Qd6
Qxd6 21. exd6 Rxe1+ 22. Rxe1 Re8 23. Rxe8+ Nxe8 24. b4 Nd7 25. c4 Nxd6 26.
Be7 Bf8 27. Bxf8 Kxf8 28. Nd4 Ke7 29. Ne2 Ba6 30. b5 Bb7 31. a4 Nc5 32. Nf4
Nde4 33. Nxe4 Bxe4 34. f3 Bc2 35. Kf2 Bxa4 36. Ke3 Bc2 37. Kd2 Bf5 38. Ke3
Ne6 39. Nd5+ Kd6 40. g4 Bc2 41. Kd2 Bb3 42. Kc3 Bd1 43. f4 Bf3 44. Nf6 Ke7
45. Nd5+ Bxd5 46. cxd5 Nxf4 47. Kd4 Nxh3 48. Ke5 f6+ 49. Ke4 Kd6 50. Kd4 Nf2
51. Kc4 Nxg4 52. Kd4 Ne5 53. Ke4 h5 54. Kd4 h4 55. Ke4 h3 56. Kd4 h2 57. Ke4
h1=Q+ 58. Kf4 Qf3# {White checkmated} 0-1

[Event "ICC tourney 1910 (25 10)"]
[Site "Internet Chess Club"]
[Date "2020.07.11"]
[Round "4"]
[White "ChemStud24"]
[Black "Chesschamp27"]
[Result "1-0"]
[ICCResult "Black checkmated"]
[WhiteElo "1685"]
[BlackElo "1568"]
[Opening "Evans gambit"]
[ECO "C52"]
[NIC "IG.05"]
[Time "17:15:42"]
[TimeControl "1500+10"]

1. e4 e5 2. Nf3 Nc6 3. Bc4 Bc5 4. b4 Bxb4 5. c3 Ba5 6. d4 exd4 7. O-O Nge7
8. Ng5 d5 9. exd5 Nxd5 10. Re1+ Nce7 11. Qf3 Be6 12. Nxe6 fxe6 13. Qh5+ g6
14. Qe5 Rf8 15. Qxe6 c6 16. Bg5 Rf7 17. Qe5 Qc7 18. Qxc7 Bxc7 19. cxd4 Kd7
20. Nc3 Rf5 21. Bxe7 Nxe7 22. Be6+ Kd6 23. Bxf5 Nxf5 24. Rad1 Bb6 25. Re4
Rf8 26. Na4 Ba5 27. Nc5 b6 28. Nb7+ Kd5 29. Re5+ Kc4 30. Nxa5+ bxa5 31. Rxa5
Rf7 32. Rc5+ Kb4 33. Rb1+ Ka4 34. Rxc6 Ka5 35. d5 Rd7 36. Rc3 Rxd5 37. Ra3#
{Black checkmated}
1-0

[Event "ICC tourney 1910 (25 10)"]
[Site "Internet Chess Club"]
[Date "2020.07.11"]
[Round "4"]
[White "alanwangmd"]
[Black "ivangoponenko"]
[Result "0-1"]
[ICCResult "White resigns"]
[WhiteElo "1388"]
[BlackElo "1572"]
[Opening "Bishop's opening/Petrov: Urusov gambit"]
[ECO "C24"]
[NIC "IG.04"]
[Time "17:15:45"]
[TimeControl "1500+10"]

1. e4 e5 2. Bc4 Nf6 3. d4 exd4 4. Nf3 Bb4+ 5. Bd2 Bxd2+ 6. Qxd2 O-O 7. O-O
Nxe4 8. Qxd4 Nf6 9. Nc3 Nc6 10. Qh4 d6 11. Bd3 h6 12. Rfe1 Be6 13. Ne4 Nxe4
14. Qxd8 Raxd8 15. Bxe4 d5 16. Bd3 Nb4 17. a3 Nxd3 18. cxd3 Rfe8 19. Rac1 c6
20. d4 Bg4 21. Ne5 Bf5 22. h3 Rd6 23. g4 Bh7 24. Nxc6 Rxe1+ 25. Rxe1 Be4 26.
Nxa7 Rf6 27. Re3 Rb6 28. b4 Kf8 29. Kh2 g6 30. Kg3 Rf6 31. Nb5 Re6 32. Nc3
Bc2 33. Nxd5 Rd6 34. Nf4 Rxd4 35. Rc3 Be4 36. Re3 Bc2 37. Re2 Bd1 38. Re1
Bc2 39. Rc1 Ba4 40. Rc3 Bc6 41. f3 Kg7 42. Rd3 Rc4 43. h4 Rc1 44. Kf2 Rh1
45. Ng2 Rh2 46. Kg3 Rh1 47. Ne3 Re1 48. Rc3 Re2 49. Nc4 Re7 50. Nb6 h5 51.
gxh5 gxh5 52. a4 Re6 53. a5 Rg6+ 54. Kf2 Rf6 55. Kg3 Rg6+ 56. Kh3 Rf6 57.
Kh2 Rxf3 58. Rxf3 Bxf3 59. Kg3 Bc6 60. Kf4 Kf6 61. Nc4 Ke6 62. Ne5 Be8 63.
Ke4 f6 64. Nd3 Bg6+ 65. Kd4 Bxd3 66. Kxd3 Kd5 67. Ke3 Kc4 68. Kf4 Kxb4 69.
Kf5 Kxa5 70. Kxf6 b5 71. Kg5 b4 72. Kxh5 b3 73. Kg5 b2 74. h5 b1=Q 75. h6
Qh7 76. Kh5 Kb5 77. Kg5 Kc5 78. Kh5 Kd5 79. Kg5 Ke5 80. Kh5 Kf5 {White
resigns} 0-1

[Event "ICC tourney 1910 (25 10)"]
[Site "Internet Chess Club"]
[Date "2020.07.11"]
[Round "4"]
[White "iamlifamily"]
[Black "ruhanv"]
[Result "1-0"]
[ICCResult "Black checkmated"]
[WhiteElo "1384"]
[BlackElo "1344"]
[Opening "Caro-Kann: classical variation"]
[ECO "B18"]
[NIC "CK.10"]
[Time "17:16:38"]
[TimeControl "1500+10"]

1. e4 c6 2. d4 d5 3. Nc3 dxe4 4. Nxe4 Bf5 5. Ng3 Bg6 6. Nf3 Nf6 7. Bc4 e6 8.
c3 Bd6 9. Ne2 Qc7 10. O-O Bh5 11. Ng3 Bg4 12. Be2 O-O 13. Bg5 Nbd7 14. Nh4
Bxe2 15. Qxe2 Bf4 16. Bxf4 Qxf4 17. Nf3 Rfe8 18. Qe3 Qxe3 19. fxe3 Ng4 20.
e4 Ne3 21. Rf2 Ng4 22. Re2 Rad8 23. e5 c5 24. h3 Nh6 25. Rd1 Nb6 26. Red2
Nc4 27. Re2 Rd7 28. b3 Nb6 29. Red2 Red8 30. dxc5 Rxd2 31. Rxd2 Rxd2 32.
Nxd2 Nd5 33. c4 Ne7 34. Nge4 Nc6 35. Nf3 Kf8 36. Nd6 b6 37. cxb6 axb6 38.
Nc8 Nb4 39. a4 Ke8 40. Nxb6 Na6 41. a5 Nb4 42. c5 Nf5 43. Nc4 Ng3 44. Nd6+
Ke7 45. Nd4 f6 46. c6 Na6 47. exf6+ gxf6 48. N4b5 Kd8 49. Nb7+ Kc8 50. N7d6+
Kb8 51. Ne8 Kc8 52. Nbd6+ Kd8 53. b4 Nc7 54. Nxf6 Ne2+ 55. Kf2 Nd4 56. Nxh7
Ke7 57. Nc8+ Kd8 58. Na7 Ndb5 59. Nxb5 Nxb5 60. Nf8 e5 61. Ng6 Kc7 62. Nxe5
Kd6 63. Nc4+ Kxc6 64. h4 Nd4 65. g4 Ne6 66. a6 Kc7 67. h5 Ng5 68. Kg3 Kb8
69. Kf4 Ne6+ 70. Ke5 Ng5 71. b5 Nf7+ 72. Kf6 Nh6 73. g5 Ng4+ 74. Kg7 Ka7 75.
h6 Nxh6 76. gxh6 Kb8 77. h7 Ka7 78. Kf7 Ka8 79. b6 Kb8 80. h8=Q#
{Black checkmated}
1-0

[Event "ICC tourney 1910 (25 10)"]
[Site "Internet Chess Club"]
[Date "2020.07.11"]
[Round "4"]
[White "ChessStar22"]
[Black "twrchess"]
[Result "1/2-1/2"]
[ICCResult "Game drawn by mutual agreement"]
[WhiteElo "1427"]
[BlackElo "1343"]
[Opening "Queen's pawn game"]
[ECO "D00"]
[NIC "QP.08"]
[Time "17:15:48"]
[TimeControl "1500+10"]

1. d4 d5 2. e3 Nf6 3. c4 Bf5 4. Nc3 e6 5. Nf3 Bb4 6. Bd2 O-O 7. Be2 c5 8.
dxc5 Bxc5 9. cxd5 exd5 10. O-O Nc6 11. a3 a5 12. Nh4 Be6 13. Qc2 Rc8 14.
Rfc1 Ba7 15. Qd1 Ne4 16. Nf3 Qf6 17. Qe1 Nxd2 18. Qxd2 Rfd8 19. Nb5 Bb8 20.
Nbd4 Nxd4 21. Nxd4 Bd7 22. Qxa5 Qd6 23. Nf3 Bg4 24. g3 b6 25. Qd2 h5 26. h3
Bxh3 27. Nd4 h4 28. Nb5 Qe5 29. f4 Qe6 30. Bf3 hxg3 31. Rxc8 Qxc8 32. Bxd5
Bxf4 33. exf4 Qc5+ 34. Qd4 Rxd5 35. Qxc5 Rxc5 36. Nc3 Rc4 37. Ne2 Rc2 38.
Re1 Rxb2 39. f5 Ra2 40. Nf4 Bxf5 41. Re8+ Kh7 42. Re7 Bg6 43. Re3 Rf2 44.
Nh3 Ra2 45. Rxg3 b5 46. Nf4 Be4 47. Rh3+ Kg8 48. Rc3 Rc2 49. Rb3 Rc5 50. Re3
f5 51. Rb3 g5 52. Ne2 f4 53. Nd4 g4 54. Nxb5 g3 55. Nc3 Bc6 56. Ne2 Rc4 57.
Rb4 Rxb4 58. axb4 f3 59. Nxg3 {Game drawn by mutual agreement} 1/2-1/2

[Event "ICC tourney 1910 (25 10)"]
[Site "Internet Chess Club"]
[Date "2020.07.11"]
[Round "4"]
[White "thihansa"]
[Black "Deveshc"]
[Result "0-1"]
[ICCResult "White checkmated"]
[WhiteElo "1243"]
[BlackElo "1423"]
[Opening "Sicilian: closed"]
[ECO "B24"]
[NIC "SI.44"]
[Time "17:15:43"]
[TimeControl "1500+10"]

1. e4 c5 2. Nc3 Nc6 3. g3 d6 4. Bg2 Bd7 5. d3 Nf6 6. Nge2 g6 7. h3 Bg7 8.
Be3 O-O 9. O-O Qc8 10. Kh2 Ne5 11. f4 Nc6 12. Qd2 Kh8 13. Nd1 Rb8 14. a4 Re8
15. g4 Ng8 16. Rb1 Nf6 17. f5 Rf8 18. Bh6 Qc7 19. Bxg7+ Kxg7 20. Ne3 Rfd8
21. Kg1 Ne5 22. Nf4 Bxa4 23. Ned5 Nxd5 24. Nxd5 Qd7 25. fxg6 hxg6 26. b3 Bc6
27. Ne3 Rh8 28. Ra1 a6 29. c3 Qc7 30. d4 cxd4 31. cxd4 Nd7 32. Qf2 f6 33. g5
Rbf8 34. Qc2 Qc8 35. gxf6+ Nxf6 36. d5 Bb5 37. Rfc1 Qxc2 38. Rxc2 Rc8 39.
Rac1 Bd7 40. Rxc8 Rxc8 41. Rxc8 Bxc8 42. Nc4 b5 43. Nb2 Nh5 44. Kf2 Nf4 45.
h4 Nxg2 46. Kxg2 Kh6 47. Kf3 Kh5 48. Kg3 e6 49. b4 exd5 50. exd5 Bb7 51. Nd3
Kh6 52. Nf4 Kg7 53. Kf3 Kf6 54. Ke4 Bc8 55. h5 Bf5+ 56. Ke3 gxh5 57. Nxh5+
Ke5 58. Nf4 Be4 59. Ne2 Bxd5 60. Nc3 Bc4 61. Nb1 d5 62. Kd2 d4 63. Na3 Ke4
64. Nc2 Bb3 65. Na1 Ba4 66. Nc2 Bxc2 67. Kxc2 d3+ 68. Kd1 Kd4 69. Kd2 Kc4
70. Ke3 Kc3 71. Ke4 d2 72. Ke5 d1=Q 73. Ke4 Qd3+ 74. Ke5 Qd4+ 75. Ke6 Kc4
76. Ke7 Qd5 77. Kf6 Qe4 78. Kf7 Qe5 79. Kf8 Qe6 80. Kg7 Qf5 81. Kg8 Qf6 82.
Kh7 Qg5 83. Kh8 Kd5 84. Kh7 Ke6 85. Kh8 Kf7 86. Kh7 Qg7# {White checkmated}
0-1

[Event "ICC tourney 1910 (25 10)"]
[Site "Internet Chess Club"]
[Date "2020.07.11"]
[Round "4"]
[White "Maximusiv"]
[Black "Jeffchess"]
[Result "1/2-1/2"]
[ICCResult "Game drawn by mutual agreement"]
[WhiteElo "1335"]
[BlackElo "1402"]
[Opening "Caro-Kann defense"]
[ECO "B12"]
[NIC "CK.01"]
[Time "17:15:52"]
[TimeControl "1500+10"]

1. e4 c6 2. d4 d6 3. Nc3 a6 4. Nf3 Bg4 5. h3 Bxf3 6. Qxf3 e6 7. Be3 Qf6 8.
Qg3 Nd7 9. O-O-O d5 10. Qc7 Rb8 11. e5 Qd8 12. Qxd8+ Kxd8 13. Bd3 Bb4 14.
Bg5+ Ne7 15. Ne2 h6 16. Bh4 g5 17. Bg3 Kc7 18. a3 Ba5 19. Kb1 b5 20. Nc1 Bb6
21. c3 Rbf8 22. f4 gxf4 23. Bxf4 Ng6 24. Bg3 Kb7 25. Rhf1 Rhg8 26. Rf2 Ngxe5
27. Bxe5 Nxe5 28. Rdf1 f5 29. g4 Rg5 30. gxf5 exf5 31. Rxf5 Rgxf5 32. Rxf5
Rxf5 33. Bxf5 Nc4 34. Ne2 Bd8 35. Ng3 Bh4 36. Nh5 Nd6 37. Bg4 Ne4 38. Kc2 c5
39. dxc5 Nxc5 40. Bf3 Kc6 41. Nf4 Ne4 42. Kd3 Bg5 43. Nxd5 Kxd5 44. Bxe4+
Kc5 45. b4+ Kb6 46. c4 Bc1 47. c5+ Kc7 48. a4 bxa4 49. Kc2 Ba3 50. Kc3 a5
51. Bc2 axb4+ 52. Kc4 b3 53. Bxb3 axb3 54. Kxb3 Bxc5 55. Kc4 Be3 56. Kd5 Bg5
57. Ke5 Kd7 58. Kf5 Ke7 59. Kg4 Kf6 60. h4 Bc1 61. Kf3 Kg6 62. Kg4 Bd2 63.
h5+ Kf6 64. Kh4 Kf5 65. Kh3 Kg5 66. Kg3 Bf4+ 67. Kh3 Kxh5 68. Kg2 Kh4 69.
Kh1 Kh3 70. Kg1 Be3+ 71. Kh1 Kg4 72. Kh2 Kf3 73. Kh3 Bg5 74. Kh2 Kg4 75. Kh1
Be3 76. Kh2 h5 77. Kh1 Kh4 78. Kh2 Bd4 79. Kh1 Be5 80. Kg2 Kg4 81. Kh1 Kh3
82. Kg1 Kg4 83. Kg2 h4 84. Kg1 Kf3 85. Kh1 Ke2 86. Kg2 Ke1 87. Kh1 Bd4 88.
Kg2 Be3 89. Kh1 Kf1 90. Kh2 Bd4 91. Kh1 Kf2 92. Kh2 Be3 93. Kh1 Kf1 94. Kh2
Bg1+ 95. Kh1 Bf2 96. Kh2 Ke2 97. Kh1 Kf3 98. Kh2 Be1 99. Kh3 Ke2 100. Kh2
Kf1 101. Kh1 Ke2 102. Kh2 Bg3+ 103. Kh1 Kf3 104. Kg1 Kg4 105. Kg2 Bf4 106.
Kh1 Kh3 107. Kg1 Bg3 108. Kh1 Be1 109. Kg1 Bf2+ 110. Kh1 Bg3 111. Kg1 Bf4
112. Kh1 Kg4 113. Kg2 Be3 114. Kh2 Kf3 115. Kh1 Kf2 116. Kh2 Bf4+ 117. Kh1
Kg3 118. Kg1 Kh3 119. Kh1 {Game drawn by mutual agreement} 1/2-1/2

[Event "ICC tourney 1910 (25 10)"]
[Site "Internet Chess Club"]
[Date "2020.07.11"]
[Round "4"]
[White "sujay2010"]
[Black "bpchoppara"]
[Result "1-0"]
[ICCResult "Black checkmated"]
[WhiteElo "1625"]
[BlackElo "1321"]
[Opening "Queen's pawn, Mason variation"]
[ECO "D00"]
[NIC "QP.08"]
[Time "17:15:44"]
[TimeControl "1500+10"]

1. d4 d5 2. Bf4 Nf6 3. e3 Bf5 4. Bd3 Bg6 5. Nd2 e6 6. h3 Bb4 7. Nf3 Nbd7 8.
O-O O-O 9. Re1 Re8 10. a3 Ba5 11. b4 Bb6 12. a4 a5 13. b5 c6 14. e4 dxe4 15.
Nxe4 cxb5 16. axb5 Bc7 17. Nd6 Bxd6 18. Bxd6 Qb6 19. Bh2 Nd5 20. Qd2 Nb4 21.
Bxg6 hxg6 22. Rab1 Rec8 23. c3 Nd5 24. Rec1 a4 25. c4 Ne7 26. Qb4 Nf5 27. c5
Qa7 28. Ra1 Nf6 29. Rc4 a3 30. Rc3 a2 31. Rc2 Nd5 32. Qb3 b6 33. Rcxa2 Qb7
34. Rxa8 Rxa8 35. Rxa8+ Qxa8 36. Qb2 bxc5 37. dxc5 Qa4 38. g4 Nfe7 39. b6
Nf4 40. Bxf4 Qxf4 41. b7 Nc6 42. Ne5 Nb8 43. c6 Qe4 44. c7 Na6 45. b8=Q+ Kh7
46. Qc1 Qxe5 47. Qbb2 Qd6 48. c8=Q Nb4 49. Q8c5 Qxc5 50. Qxc5 Nd3 51. Qbc2
Nxc5 52. Qxc5 Kg8 53. Qe7 g5 54. Qxg5 f6 55. Qc5 Kf7 56. h4 Kg6 57. Qh5#
{Black checkmated}
1-0

[Event "ICC tourney 1910 (25 10)"]
[Site "Internet Chess Club"]
[Date "2020.07.11"]
[Round "5"]
[White "EthanDember"]
[Black "tasawyer81"]
[Result "1-0"]
[ICCResult "Black resigns"]
[WhiteElo "1198"]
[BlackElo "1144"]
[Opening "Pirc defense"]
[ECO "B07"]
[NIC "PU.08"]
[Time "19:01:49"]
[TimeControl "1500+10"]

1. e4 d6 2. d4 Nf6 3. Nc3 Nbd7 4. Bd3 e5 5. Nf3 c6 6. O-O Be7 7. Bg5 O-O 8.
h3 exd4 9. Nxd4 c5 10. Nf5 Ne5 11. Nxe7+ Qxe7 12. Be2 h6 13. Nd5 Be6 14.
Nxe7+ {Black resigns} 1-0

[Event "ICC tourney 1910 (25 10)"]
[Site "Internet Chess Club"]
[Date "2020.07.11"]
[Round "5"]
[White "jvinamra"]
[Black "arjunk2011"]
[Result "0-1"]
[ICCResult "White checkmated"]
[WhiteElo "1320"]
[BlackElo "1217"]
[Opening "Sicilian: Canal-Sokolsky attack, 3...Bd7"]
[ECO "B52"]
[NIC "SI.01"]
[Time "19:00:58"]
[TimeControl "1500+10"]

1. e4 c5 2. Nf3 d6 3. Bb5+ Bd7 4. Bxd7+ Nxd7 5. d4 cxd4 6. Nxd4 Ngf6 7. Nc3
e6 8. Ndb5 a6 9. Nxd6+ Bxd6 10. Qxd6 Qa5 11. Be3 Nxe4 12. Qd4 Nxc3 13. Qxc3
Qxc3+ 14. bxc3 O-O 15. Rb1 b5 16. Ke2 Rac8 17. Bd2 h6 18. Rb3 Nc5 19. Rbb1
Ne4 20. Rhd1 Nxd2 21. Rxd2 Rxc3 22. Rd6 Rxc2+ 23. Ke3 Rxa2 24. Rc1 b4 25.
Rb6 a5 26. Rb5 Rd8 27. Rcc5 Kf8 28. Rxa5 Rxa5 29. Rxa5 Rb8 30. Ra4 b3 31.
Kd2 b2 32. f3 b1=Q 33. Rc4 Qb2+ 34. Rc2 Qxc2+ 35. Kxc2 f5 36. Kd3 Kf7 37.
Ke3 Rb2 38. g4 fxg4 39. fxg4 Rxh2 40. Kf4 Rh4 41. Ke5 Rxg4 42. Kd6 e5 43.
Kxe5 Ke8 44. Kf5 Ra4 45. Kg6 Ra6+ 46. Kh5 g6+ 47. Kxh6 g5+ 48. Kxg5 Kf7 49.
Kf5 Ra5+ 50. Ke4 Kf6 51. Kd4 Ke6 52. Kc4 Kd6 53. Kb4 Rh5 54. Kc4 Rg5 55. Kd4
Rg4+ 56. Ke3 Kd5 57. Kf3 Ra4 58. Ke3 Rb4 59. Kf3 Ke5 60. Kg3 Kf5 61. Kf2 Ke4
62. Kg3 Kf5 63. Kf2 Rb3 64. Ke2 Kf4 65. Kd2 Ke4 66. Kc2 Rh3 67. Kb2 Kd4 68.
Kc2 Rg3 69. Kb2 Kc4 70. Ka2 Kb4 71. Kb2 Rg2+ 72. Ka1 Kb3 73. Kb1 Rg1#
{White checkmated}
0-1

[Event "ICC tourney 1910 (25 10)"]
[Site "Internet Chess Club"]
[Date "2020.07.11"]
[Round "5"]
[White "NimaiG"]
[Black "Clavier385"]
[Result "1-0"]
[ICCResult "Black resigns"]
[WhiteElo "1585"]
[BlackElo "1442"]
[Opening "French: Marshall variation"]
[ECO "C10"]
[NIC "FR.04"]
[Time "19:00:59"]
[TimeControl "1500+10"]

1. e4 e6 2. d4 d5 3. Nc3 c5 4. exd5 exd5 5. Bb5+ Nc6 6. dxc5 Bxc5 7. Qxd5
Qxd5 8. Nxd5 Kd7 9. Nf3 f6 10. Bf4 Bd6 11. Bxd6 Kxd6 12. Rd1 Kc5 13. a4 Bg4
14. b4+ Nxb4 15. Nxb4 Kxb4 16. Rd4+ Kc3 17. Rxg4 g6 18. Rc4+ Kb2 19. O-O Rd8
20. Rb4+ Kc3 21. Rb3+ Kxc2 22. Re3 Nh6 23. Rfe1 Nf5 24. R1e2+ Kd1 25. Ra3
{Black resigns}
1-0